 Dungeon Crawl Stone Soup version 0.25-a0-364-ge76b031 (webtiles) character file.

Game seed: 15542905218921765355, levelgen mode: deterministic

651 Firecrotchwizard the Skirmisher (level 7, 0/78 HPs)
             Began as an Ogre Berserker on Jan 5, 2020.
             Was a Priest of Trog.
             Slain by an orc wizard
             ... wielding a +0 scimitar
              (5 damage)
             ... on level 4 of the Dungeon.
             The game lasted 00:07:24 (3571 turns).

Firecrotchwizard the Skirmisher (Ogre Berserker)    Turns: 3571, Time: 00:07:25

Health: 0/78       AC:  3    Str: 24    XL:     7   Next: 53%
Magic:  7/7        EV: 10    Int:  8    God:    Trog [***...]
Gold:   206        SH:  0    Dex:  8    Spells: 6/6 levels left

rFire    . . .     SeeInvis .   a - +0 mace
rCold    . . .     Gourm    .   (no shield)
rNeg     . . .     Faith    .   b - +0 animal skin
rPois    .         Spirit   .   (helmet restricted)
rElec    .         Reflect  .   (no cloak)
rCorr    .         Harm     .   (gloves unavailable)
MR       ++...                  (boots unavailable)
Stlth    +.........             k - amulet of regeneration {+regen, !d}
HPRegen  1.63/turn              (no ring)
MPRegen  0.10/turn              (no ring)

@: lethally poisoned (0 -> 0), regenerating (expiring), drained
A: large, unfitting armour, tough skin 1
a: Berserk, Trog's Hand, Renounce Religion


You were on level 4 of the Dungeon.
You worshipped Trog.
Trog was most pleased with you.
You were not hungry.

You visited 1 branch of the dungeon, and saw 4 of its levels.

You collected 206 gold pieces.

Inventory:

Hand Weapons
 a - a +0 mace (weapon)
Armour
 b - a +0 animal skin (worn)
Jewellery
 k - an amulet of regeneration (around neck) {+regen, !d}
   (You found it on level 1 of the Dungeon)
Scrolls
 f - a scroll of enchant weapon {unknown}
 j - 2 scrolls of identify
 m - a scroll of random uselessness
 n - 4 scrolls of remove curse
 p - a scroll of fog {unknown}
 q - 2 scrolls of noise {unknown}
Potions
 d - a potion of resistance {unknown}
 e - 2 potions of heal wounds {unknown}
 h - a potion of agility
 i - 4 potions of flight {unknown}
 l - 2 potions of lignification {unknown}
 o - a potion of degeneration {unknown}
Comestibles
 c - 9 rations
 g - 2 chunks of flesh {@w0}


   Skills:
 + Level 7.1(6.1) Fighting
 * Level 6.5(5.5) Maces & Flails
 - Level 2.8(1.9) Dodging


You had 6 spell levels left.
You didn't know any spells.
Your spell library was empty.

Dungeon Overview and Level Annotations

Branches:
Dungeon (4/15)
 Temple: D:4-7

Altars:
Dithmenos
Gozag
Okawaru
Sif Muna
Uskayaw
Wu Jian
Xom

Shops:
D:4 (}

Annotations:
D:3 3 runed translucent doors, rcreutzb's ghost, amateur GrEE
D:4 Robin


Innate Abilities, Weirdness & Mutations

You are too large for most types of armour.
You have tough skin. (AC +1)


Message History

The worker ant twitches its antennae in your direction.
The frilled lizard hisses angrily.
The goblin throws a stone.
The stone barely misses you. The worker ant barely misses you.
You hit the worker ant. The worker ant bites you.
You are poisoned.
The worker ant poisons you!
You take 1 damage, and have 77/78 hp.
You hit the worker ant.
You feel sick. The worker ant bites you. The worker ant closely misses you.
You take 2 damage, and have 75/78 hp.
You hit the worker ant but do no damage.
You feel sick. The worker ant bites you!
You take 8 damage, and have 67/78 hp.
You hit the worker ant.
You feel sick. The worker ant bites you.
You take 3 damage, and have 64/78 hp.
You hit the worker ant but do no damage.
The worker ant closely misses you. The worker ant bites you.
You take 2 damage, and have 62/78 hp.
You sock the worker ant!
You feel sick. The worker ant bites you.
You are more poisoned.
The worker ant poisons you!
You take 5 damage, and have 57/78 hp.
You thump the worker ant!
You kill the worker ant!
Trog accepts your kill.
You feel sick.
The goblin throws a stone.
The stone closely misses you.
You take 1 damage, and have 56/78 hp.
You feel sick.
The frilled lizard bites you but does no damage.
The goblin hits you with a +0 club.
You see here a worker ant corpse.
You take 1 damage, and have 55/78 hp.
The orc wizard shouts!
You sock the goblin!
You kill the goblin!
Trog accepts your kill.
You feel sick.
The frilled lizard bites you but does no damage.
You sock the frilled lizard!
You kill the frilled lizard!
Trog accepts your kill.
You feel sick. The hound skeleton bites you.
You take 4 damage, and have 51/78 hp.
You barely miss the hound skeleton.
You feel sick.
The orc wizard casts a spell.
The orc wizard flickers and vanishes!
Deactivating autopickup; reactivate with Ctrl-A.
The hound skeleton bites you but does no damage.
You hit the hound skeleton.
You feel sick. The hound skeleton barely misses you.
The hound skeleton bites you but does no damage.
You take 1 damage, and have 50/78 hp.
You hit the hound skeleton. The hound skeleton barely misses you.
You hit the hound skeleton but do no damage.
You feel sick. The hound skeleton bites you.
You take 2 damage, and have 49/78 hp.
You hit the hound skeleton. The hound skeleton bites you.
The hound skeleton closely misses you.
You take 2 damage, and have 47/78 hp.
You barely miss the hound skeleton.
You feel sick. The hound skeleton bites you.
You take 3 damage, and have 44/78 hp.
You hit the hound skeleton.
The hound skeleton bites you but does no damage.
You hit something but do no damage.
You feel sick.
You take 1 damage, and have 44/78 hp.
You miss something. Something hits you!
You take 7 damage, and have 37/78 hp.
You closely miss something.
You feel sick. Something hits you.
You take 4 damage, and have 33/78 hp.
You miss something. Something hits you but does no damage.
You closely miss something. Something hits you.
You take 6 damage, and have 28/78 hp.
You sock something!
You feel sick. Something hits you.
You take 4 damage, and have 24/78 hp.
Your skin crawls.
You feel resistant to hostile enchantments.
You feel quite a bit more hungry. Something hits you.
* * * LOW HITPOINT WARNING * * *
You take 2 damage, and have 22/78 hp.
You closely miss something. You closely miss something. Something hits you!
* * * LOW HITPOINT WARNING * * *
You take 5 damage, and have 18/78 hp.
You barely miss something.
You feel sick. Something hits you.
* * * LOW HITPOINT WARNING * * *
You take 4 damage, and have 14/78 hp.
You barely miss something. Something hits you!
* * * LOW HITPOINT WARNING * * *
You take 6 damage, and have 8/78 hp.
You barely miss something.
You feel the effects of Trog's Hand fading.
Something completely misses you.
You regained 2 hp, and now have 10/78 hp.
You hit something but do no damage.
You feel sick. Something hits you!
* * * LOW HITPOINT WARNING * * *
You take 7 damage, and have 3/78 hp.
You hit something but do no damage. Something hits you.
You die...

..>........§§§##
.............§.§§#
............≈§≈§§#
....#.o.....≈§§§.##
....#......≈≈§§.≈.#
....o.......≈.§≈P.#
...$.......P(..PP.#
..............###.#
..............Z†@(#
...............####
......###...≈P..#
....## #P≈≈≈...#
... #.≈≈≈≈..# ..
#§§§≈≈P.# ..
#§§§§≈..# ..
#§§.....# ..
#####...#


You could see a hound skeleton.

Vanquished Creatures
  Grinder (D:3)
  3 wights
  A bullfrog skeleton (D:4)
  An orc priest (D:3)
  Natasha (twice) (D:3)
  2 orc wizards (D:3)
  A worker ant (D:4)
  5 adders
  An ooze (D:2)
  2 worms (D:2)
  3 dart slugs
  3 leopard geckos
  9 orcs
  A ball python (D:3)
  3 giant cockroaches
  9 goblins
  12 hobgoblins
  4 jackals (D:3)
  2 quokkas
  8 bats
  11 frilled lizards
  A jackal zombie (D:4)
  9 kobolds
  A quokka zombie (D:4)
  5 rats
100 creatures vanquished.

Notes
Turn   | Place    | Note
-------+----------+-------------------------------------------
     0 | D:1      | Firecrotchwizard the Ogre Berserker began the quest for the
                  | Orb.
     0 | D:1      | Reached XP level 1. HP: 24/24 MP: 1/1
   201 | D:1      | Reached XP level 2. HP: 32/32 MP: 2/2
   227 | D:1      | Reached skill level 3 in Maces & Flails
   576 | D:1      | Reached ** piety under Trog
   576 | D:1      | Reached XP level 3. HP: 35/40 MP: 3/3
  1169 | D:2      | Reached XP level 4. HP: 38/49 MP: 4/4
  1397 | D:2      | Reached skill level 5 in Fighting
  1397 | D:2      | Reached skill level 4 in Maces & Flails
  1477 | D:2      | Found a shadowy altar of Dithmenos.
  1478 | D:2      | Found an iron altar of Okawaru.
  1479 | D:2      | Found a shimmering blue altar of Sif Muna.
  1481 | D:2      | Found an ornate altar of the Wu Jian Council.
  1482 | D:2      | Found a shimmering altar of Xom.
  1954 | D:3      | Noticed Grinder
  1976 | D:3      | Paralysed by Grinder for 5 turns
  1980 | D:3      | HP: 11/50 [Grinder (8)]
  1981 | D:3      | Killed Grinder
  1981 | D:3      | Reached skill level 6 in Fighting
  1981 | D:3      | Reached skill level 5 in Maces & Flails
  1981 | D:3      | Reached XP level 5. HP: 14/59 MP: 5/5
  1981 | D:3      | Reached XP level 6. HP: 16/67 MP: 6/6
  2455 | D:3      | Found a hide-covered altar of Uskayaw.
  2462 | D:3      | Reached *** piety under Trog
  2522 | D:3      | Found a faded altar of an unknown god.
  2530 | D:3      | Found a runed translucent gate.
  2530 | D:3      | Found a runed translucent gate.
  2533 | D:3      | Found an opulent altar of Gozag.
  2538 | D:3      | Found a runed translucent gate.
  2920 | D:3      | Noticed rcreutzb's ghost (amateur GrEE)
  3128 | D:4      | Found Caibu's Weapon Boutique.
  3128 | D:4      | Noticed Robin
  3192 | D:4      | Noticed Natasha
  3202 | D:3      | Killed Natasha
  3202 | D:3      | Reached XP level 7. HP: 51/76 MP: 7/7
  3211 | D:3      | Noticed Natasha
  3222 | D:3      | Killed Natasha
  3222 | D:3      | Reached skill level 6 in Maces & Flails
  3339 | D:4      | Found Ziepi's Gadget Shop.
  3352 | D:3      | Reached skill level 7 in Fighting
  3566 | D:4      | HP: 18/78 [something (7)]
  3568 | D:4      | HP: 8/78 [something (8)]
  3570 | D:4      | HP: 3/78 [something (7)]
  3571 | D:4      | Slain by an orc wizard

Levels and vault maps discovered:
D:1:      lightli_arrival_statue_moat, layout_basic
D:2:      layout_basic, grunt_temple_overflow_open, first_ration,
          hangedman_abyss_or_decor_lesser_grid
D:3:      layout_basic, old_standard_altar, ebering_ghost_gozag,
          chequers_ecumenical_altar_simple, uniq_grinder
D:4:      minmay_razor_zed, layout_cave_pools, serial_undead, serial_undead_f,
          serial_undead_f, serial_undead_a, serial_undead_f, serial_shops,
          nicolae_shop_stone, shop, kennysheep_mini, kennysheep_generic_room_13,
          uniq_blork_the_orc, uniq_robin, uniq_natasha

Skill      XL: |  1  2  3  4  5  6  7 |
---------------+----------------------+-----
Maces & Flails | 3 5 6 |  6.5
Fighting       | 6 7 |  7.1
Dodging        | |  2.8

Action                   |  1- 3 |  4- 6 |  7- 9 || total
-------------------------+-------+-------+-------++-------
Melee: Mace              |   100 |   164 |    78 ||   342
Invok: Trog's Hand       |       |     2 |     1 ||     3
  Use: Scroll            |       |     4 |       ||     4
  Eat: Chunk             |     1 |     7 |     2 ||    10
Armor: Animal skin       |    35 |    34 |    12 ||    81
Dodge: Dodged            |    66 |    82 |    29 ||   177

Table legend:
 A = Non-vault XP
 B = Vault XP
 C = Vault XP percentage of total XP
 D = Non-vault monster count
 E = Vault monster count
 F = Vault count percentage of total count
                 A         B        C        D         E       F
            +---------+---------+-------+---------+---------+-------
      Total |     631 |     299 |  32.2 |      92 |       8 |   8.0
            +---------+---------+-------+---------+---------+-------
        D:1 |      42 |       0 |   0.0 |      24 |       0 |   0.0
        D:2 |     102 |       0 |   0.0 |      30 |       0 |   0.0
        D:3 |     347 |     295 |  46.0 |      33 |       5 |  13.2
        D:4 |     140 |       4 |   2.8 |       5 |       3 |  37.5
            +---------+---------+-------+---------+---------+-------

Levels and vault maps discovered:
D:1:      lightli_arrival_statue_moat, layout_basic
D:2:      layout_basic, grunt_temple_overflow_open, first_ration,
          hangedman_abyss_or_decor_lesser_grid
D:3:      layout_basic, old_standard_altar, ebering_ghost_gozag,
          chequers_ecumenical_altar_simple, uniq_grinder
D:4:      minmay_razor_zed, layout_cave_pools, serial_undead, serial_undead_f,
          serial_undead_f, serial_undead_a, serial_undead_f, serial_shops,
          nicolae_shop_stone, shop, kennysheep_mini, kennysheep_generic_room_13,
          uniq_blork_the_orc, uniq_robin, uniq_natasha

Table legend:
 A = Turns spent in this place as a percentage of turns spent in the entire game.
 B = Non-inter-level travel turns spent in this place as a percentage of non-inter-level travel turns spent in the entire game.
 C = Inter-level travel turns spent in this place as a percentage of turns spent in this place.
 D = Turns resting spent in this place as a percentage of non-inter-level travel turns spent in this place.
 E = Turns spent auto-exploring this place as a percentage of non-inter-level travel turns spent in this place.
 F = Non-inter-level travel turns spent in this place divided by the number of levels of this place that you've seen.
                   A       B       C       D       E      F
               +-------+-------+-------+-------+-------+----------------------
         Total | 100.0 | 100.0 |   4.9 |  25.7 |  51.0 | 848.8
       Dungeon | 100.0 | 100.0 |   4.9 |  25.7 |  51.0 | 848.8
               +-------+-------+-------+-------+-------+----------------------

Table legend:
 A = Kills in this place as a percentage of kills in entire the game.
 B = Kills by you in this place as a percentage of kills by you in the entire game.
 C = Kills by friends in this place as a percentage of kills by friends in the entire game.
 D = Other kills in this place as a percentage of other kills in the entire game.
 E = Experience gained in this place as a percentage of experience gained in the entire game.
 F = Experience gained in this place divided by the number of levels of this place that you have seen.
                   A       B       C       D       E      F
               +-------+-------+-------+-------+-------+----------------------
         Total | 100.0 | 100.0 |   N/A |   N/A | 100.0 | 232.5
       Dungeon | 100.0 | 100.0 |   N/A |   N/A | 100.0 | 232.5
               +-------+-------+-------+-------+-------+----------------------
